Map: Dusk Towers

Players

RocknRoll

  • Race: Terran Terran
  • League: Diamond

ILLBdA - Winner!

  • Race: Protoss Protoss
  • League: Diamond

VOD

Have the link to the VOD?

Description

Time

  • Played on: Dec. 22, 2015, 7:44 a.m.
  • Length: 8:39
Show
View Real Time Build Order
Export as new Build Order

RocknRoll Terran 

Build Orders:  

Get SALT Encoding   

  12  0:00  SCV  
  13  0:12  SCV  
  14  0:18  Supply Depot  
  14  0:25  SCV  
  15  0:39  SCV  
  15  0:41  Barracks  
  16  0:45  Refinery  
  16  0:51  SCV  
  17  1:03  SCV  
  18  1:15  SCV  
  19  1:28  Orbital Command  
  19  1:30  Marine  
  19  1:31  Supply Depot  
  20  1:47  Factory  
  20  1:48  Marine  
  20  1:54  SCV  
  22  1:57  Refinery  
  22  2:06  SCV, Marine  
  24  2:18  SCV  
  25  2:25  Marine  
  26  2:30  Factory Tech Lab  
  26  2:32  Starport  
  26  2:34  SCV  
  27  2:43  Marine  
  28  2:44  Supply Depot  
  29  2:54  Siege Tank  
  31  3:00  Engineering Bay  
  31  3:05  SCV, Marine  
  31  3:11  Barracks x2  
  33  3:14  Medivac  
  33  3:18  SCV  
  36  3:20  Supply Depot  
  36  3:26  Missile Turret  
  36  3:29  Marine  
  37  3:41  Siege Tank  
  37  3:48  Marine  
  41  3:59  Marine  
  41  4:00  Marine  
  41  4:02  SCV  
  44  4:05  Supply Depot  
  44  4:07  Medivac  
  46  4:14  Marine  
  47  4:27  Siege Tank  
  50  4:32  Marine x2  
  50  4:33  Marine  
  50  4:34  Bunker  
  53  4:50  Marine x2  
  55  4:57  Bunker  
  55  5:11  Command Center  
  55  5:22  Marine  
  55  5:25  Marine  
  55  5:28  Marine  
  55  5:32  Medivac  
  54  5:39  Supply Depot, Marine  
  55  5:43  Siege Tank  
  55  5:46  Marine  
  48  6:12  Marine x2  
  28  6:40  Marine  
  28  6:45  Marine  
  25  6:48  SCV  
  25  7:00  SCV  
Show
View Real Time Build Order
Export as new Build Order

ILLBdA Protoss - Winner!

Build Orders: 1 Gate Expand 

Get SALT Encoding   

  12  0:01  Probe (Chrono Boost)  
  13  0:12  Probe (Chrono Boost)  
  14  0:17  Pylon  
  14  0:22  Probe (Chrono Boost)  
  15  0:37  Gateway  
  15  0:40  Assimilator  
  16  0:42  Probe (Chrono Boost)  
  16  0:53  Probe (Chrono Boost)  
  17  1:03  Probe (Chrono Boost)  
  18  1:14  Probe (Chrono Boost)  
  19  1:21  Nexus  
  19  1:25  Probe (Chrono Boost)  
  20  1:32  Cybernetics Core  
  20  1:35  Probe (Chrono Boost)  
  21  1:42  Assimilator  
  21  1:46  Probe (Chrono Boost)  
  22  1:52  Pylon  
  22  1:56  Probe (Chrono Boost)  
  23  2:09  Stalker (Chrono Boost), Warp Gate  
  23  2:10  Probe  
  26  2:22  Probe (Chrono Boost)  
  27  2:33  Mothership Core (Chrono Boost)  
  29  2:38  Probe (Chrono Boost)  
  29  2:41  Adept  
  32  2:48  Probe (Chrono Boost)  
  33  2:51  Probe (Chrono Boost)  
  33  2:52  Pylon  
  34  2:59  Probe (Chrono Boost)  
  34  3:02  Probe (Chrono Boost)  
  34  3:05  Robotics Facility  
  36  3:09  Sentry, Probe (Chrono Boost)  
  40  3:13  Probe (Chrono Boost)  
  40  3:20  Probe (Chrono Boost)  
  40  3:23  Probe (Chrono Boost)  
  42  3:30  Probe (Chrono Boost)  
  42  3:34  Probe (Chrono Boost)  
  45  3:41  Probe (Chrono Boost)  
  45  3:44  Probe (Chrono Boost), Pylon  
  46  3:54  Gateway  
  46  3:56  Warp Prism (Chrono Boost)  
  46  3:59  Gateway  
  46  4:02  Gateway x2  
  48  4:07  Gateway  
  48  4:16  Sentry  
  50  4:20  Probe  
  50  4:22  Pylon  
  51  4:25  Forge  
  51  4:35  Observer (Chrono Boost)  
  51  4:37  Probe  
  57  4:53  Pylon  
  53  5:01  Adept x2  
  53  5:02  Adept x2  
  61  5:12  Immortal (Chrono Boost)  
  65  5:19  Adept x2  
  61  5:29  Pylon  
  61  5:31  Pylon  
  61  5:33  Pylon  
  61  5:36  Adept x3  
  61  5:37  Adept  
  72  5:50  Immortal (Chrono Boost)  
  72  5:57  Pylon  
  72  6:00  Adept  
  72  6:01  Adept x5  
  77  6:18  Zealot  
  77  6:24  Immortal (Chrono Boost)  
  75  6:43  Zealot  
  75  6:44  Zealot x3  
  75  6:46  Stalker  
  81  6:57  Probe  
  81  6:58  Probe  
  83  7:02  Assimilator  
  83  7:06  Warp Prism (Chrono Boost)  
  83  7:09  Probe  
  83  7:10  Zealot  
  83  7:11  Zealot x3  
  83  7:37  Nexus  
  83  7:47  Pylon  
  83  7:53  Assimilator  
  83  8:04  Pylon  
  83  8:05  Probe  
  83  8:06  Probe  
  83  8:07  Pylon  
  83  8:10  Stalker, Pylon  
  83  8:13  Pylon  
  83  8:16  Sentry x2  
  83  8:22  Probe  
  83  8:29  Assimilator  
  83  8:32  Assimilator  
  83  8:33  Photon Cannon  
  83  8:36  Photon Cannon  
Tags
 
Matchup
PvT
Replay Pack
me
Add a new tag
Caveats
  • Supply blocks, unpowered buildings, or Contaminate may cause inaccurate times.
  • Supply counts are checked every 10 seconds.